AoeStats
← the shy

African Clearing

504698200Analyzed
4v4 RM · 26d ago on Sep 6, 2026· 38m 27s· 8 players
Game mode
Random Map
Map size
Large (8 player)
Population
200
Speed
Normal
Resources
Standard
Victory
Conquest
Starting age
Dark Age
Ending age
Imperial Age
RankedLock teamsTeams togetherTeam positionsShared explorationLock speedFull tech treeHidden civsTurbo modeCheats
Victory
Defeat
🇧🇪 Sicilians · Belgium
1845
+7
🇫🇷 Gurjaras · France
1748
+10
🇫🇷 Inca · France
1710
+11
🇫🇷 Tatars · France
1696
+11
🇻🇳 Chinese · Vietnam
1685
-13
🇨🇳 Turks · China
1655
-12
🇨🇳 Slavs · China
1568
-8
1491
-6
六六六
14:19 Feudal Age
14:53 Loom
19:03 Castle Age
16:55 Double-Bit Axe
17:53 Fletching
17:45 Horse Collar
24:49 Bodkin Arrow
28:10 Ballistics
28:16 Husbandry
31:31 Bloodlines
34:27 Padded Archer Armor
35:33 Thumb Ring
37:07 Wheelbarrow
37:55 Leather Archer Armor
38:21 Hand Cart
the shy
10:45 Loom
13:29 Feudal Age
13:33 Man-at-Arms
15:27 Forging
16:32 Wheelbarrow
16:23 Scale Mail Armor
21:43 Double-Bit Axe
21:42 Horse Collar
27:40 Castle Age
26:51 Fishing Lines
29:00 Chain Mail Armor
29:20 Iron Casting
28:48 Squires
28:09 Pikeman
28:58 Long Swordsman
31:17 Iron Casting
32:19 Medium Warships
81danchoi
3:26 Loom
12:14 Feudal Age
12:42 Double-Bit Axe
12:44 Town Watch
13:21 Horse Collar
21:32 Castle Age
20:02 Scale Barding Armor
19:50 Gold Mining
20:19 Scale Barding Armor
20:44 Bloodlines
23:40 Chain Barding Armor
26:48 Forging
37:42 Bow Saw
43 Đoàn Quốc Hưng
9:06 Loom
9:54 Loom
12:32 Feudal Age
16:23 Forging
17:28 Double-Bit Axe
17:50 Scale Barding Armor
25:48 Castle Age
24:53 Bloodlines
25:09 Horse Collar
25:58 Light Cavalry
27:00 Chain Barding Armor
28:16 Husbandry
32:17 Iron Casting
33:10 Gold Mining
34:00 Stone Mining
34:05 Fletching
35:04 Bodkin Arrow
37:55 Scale Mail Armor
kitchiro
9:04 Loom
11:50 Feudal Age
12:21 Double-Bit Axe
12:51 Horse Collar
25:06 Castle Age
24:03 Fletching
24:25 Bloodlines
26:01 Bodkin Arrow
30:54 Padded Archer Armor
33:39 Wheelbarrow
33:52 Bow Saw
34:39 Gold Mining
35:33 Ballistics
35:25 Husbandry
38:45 Hand Cart
The Cringe Lord
11:09 Feudal Age
11:51 Double-Bit Axe
13:12 Loom
14:23 Horse Collar
23:23 Castle Age
21:59 Gold Mining
23:09 Bloodlines
23:15 Scale Barding Armor
24:09 Husbandry
29:22 Chain Barding Armor
31:13 Wheelbarrow
32:49 Forging
34:20 Iron Casting
40:18 Imperial Age
38:52 Bow Saw
38:42 Heavy Plow
39:12 Hand Cart
maxime_0012
7:41 Loom
11:35 Feudal Age
12:43 Double-Bit Axe
13:20 Horse Collar
15:21 Forging
17:48 Bloodlines
18:22 Scale Barding Armor
19:27 Wheelbarrow
22:26 Castle Age
23:55 Iron Casting
22:48 Light Cavalry
24:50 Husbandry
35:15 Town Watch
37:16 Bow Saw
retaux
13:19 Feudal Age
13:26 Loom
17:08 Castle Age
15:12 Fishing Lines
15:11 Champi Runner
16:14 Double-Bit Axe
17:43 Scale Mail Armor
17:54 Gillnets
20:48 Squires
20:14 Champi Warrior
20:55 Horse Collar
22:46 Chain Mail Armor
24:35 Squires
25:45 Forging
26:44 Wheelbarrow
26:29 Gold Mining
30:42 Iron Casting
31:17 Hand Cart
30:47 Town Watch
30:56 Fletching
31:39 Bow Saw
31:29 Heavy Plow
31:20 Stone Mining
33:14 Arson
36:21 Bodkin Arrow
39:50 Imperial Age
38:00 Stone Shaft Mining
38:01 Gold Shaft Mining
Connection lost

Rejoining the realm…

Still unreachable

The connection could not be restored.

Session expired

The server has moved on; the page needs a fresh start.